 Dungeon Sprint DCSS version 0.19.0-11-g3fc08b3 (webtiles) character file.

44 equalderp2856 the Scratcher (level 3, -1/18 HPs)
             Began as a Felid Fighter on Nov 8, 2016.
             Slain by an ice beast (8 damage)
             ... in the Dungeon (Sprint IX: "|||||||||||||||||||||||||||||").
             The game lasted 00:00:26 (431 turns).

equalderp2856 the Scratcher (Felid Fighter)          Turns: 431, Time: 00:00:27

Health: -1/18      AC:  1    Str: 13    XL:     3   Next: 41%
Magic:  4/4        EV: 21    Int:  9    God:
Gold:   0          SH:  0    Dex: 15    Spells: 0 memorised, 2 levels left
                                        Lives:  0   Deaths: 0

rFire  . . .     SeeInvis +       - Unarmed
rCold  . . .     Gourm    .     (armour unavailable)
rNeg   . . .     Faith    .     (shield unavailable)
rPois  .         Spirit   .     (helmet unavailable)
rElec  .         Reflect  .     (cloak unavailable)
rCorr  .         Harm     .     (gloves unavailable)
MR     .....     NoTele   +     (boots unavailable)
Stlth  ++........               (no amulet)
                                (no ring)
                                (no ring)

@: quick
A: no armour, no weapons or thrown items, stealth, claws 1, fangs 3, see
invisible, carnivore 3, speed 1, shaggy fur 1, slow metabolism 1, sharp paws
a: no special abilities


You were in the Dungeon.
You were not hungry.

You visited 1 branch

Inventory:

Jewellery
 m - a +2 ring of protection
 n - a +2 ring of protection
Wands
 l - a wand of lightning (7/15)
Scrolls
 h - 2 scrolls of blinking
 j - 3 scrolls of remove curse
 k - 2 scrolls of amnesia
Potions
 a - a potion of might
 c - 5 potions of curing
 d - 3 potions of heal wounds
 e - a potion of haste
 f - 4 potions of magic
 g - a potion of berserk rage
 i - a potion of invisibility
Comestibles
 b - a meat ration


   Skills:
 + Level 4.2 Fighting
 + Level 5.6 Dodging
 + Level 6.6 Unarmed Combat


You had 2 spell levels left.
You didn't know any spells.

Dungeon Overview and Level Annotations

Branches:
Dungeon (1/1)

Altars:
Cheibriados
Dithmenos
Elyvilon
Fedhas
Gozag
Hepliaklqana
Kikubaaqudgha
Makhleb
Nemelex Xobeh
Okawaru
Qazlal
Ru
Sif Muna
Trog
Uskayaw
Vehumet
Xom
Yredelemnul
Zin
The Shining One
Beogh
Jiyva
Lugonu


Innate Abilities, Weirdness & Mutations

You cannot wear armour.
You are incapable of wielding weapons or throwing items.
Your paws allow you to move quietly. (Stealth)
You have sharp claws.
You have razor-sharp teeth.
You have supernaturally acute eyesight. (SInv)
You are carnivorous and can eat meat at any time.
You cover ground quickly.
You are covered in fur. (AC +1)
You have a slow metabolism.
Your sharp claws are effective at attacking unaware monsters.


Message History

You see here an uncursed staff of energy.
Items here: ))))))
You see here a +0 cloak.
You see here a +0 helmet.
You see here a +2 ring mail.
m - a +2 ring of protection
n - a +2 ring of protection You open the door.
An adder, a jackal, an ice beast, a sky beast and 2 phantoms come into view.
You claw the jackal!
You kill the jackal!
The ice beast closely misses you.
There is an open door to the Dungeon here.
You scratch the ice beast.
The ice beast is lightly wounded.
The ice beast hits you. The ice beast freezes you.
The phantom blinks!
You scratch the ice beast.
The ice beast is heavily wounded.
The ice beast hits you. The ice beast freezes you!
You die... ▓▓▓▓▓▓▓▓▓▓▓▓▓▓▓▓▓▓▓▓▓▓▓▓ +WWY.SY@..[[[)|..'._____ ▓▓▓▓▓▓▓▓▓▓▓▓▓▓▓▓▓▓▓▓▓▓▓▓

You could see 2 phantoms, an ice beast, a sky beast and an adder.

Vanquished Creatures
  A worker ant (D)
  An adder (D)
  An adder zombie (D)
  A bat skeleton (D)
  2 goblins (D)
  2 jackals (D)
  A kobold (D)
  2 rats (D)
11 creatures vanquished.

Notes
Turn   | Place    | Note
-------+----------+-------------------------------------------
     0 | D        | equalderp2856 the Felid Fighter began the quest for the Orb.
     0 | D        | Reached XP level 1. HP: 10/10 MP: 2/2
   236 | D        | Noticed a worker ant
   240 | D        | Reached skill level 5 in Unarmed Combat
   240 | D        | Reached XP level 2. HP: 15/15 MP: 3/3
   253 | D        | Reached skill level 5 in Dodging
   267 | D        | Reached skill level 6 in Unarmed Combat
   267 | D        | Reached XP level 3. HP: 11/18 MP: 4/4
   385 | D        | Found a roughly hewn altar of Beogh.
   385 | D        | Found a snail-covered altar of Cheibriados.
   385 | D        | Found a shadowy altar of Dithmenos.
   385 | D        | Found a white marble altar of Elyvilon.
   385 | D        | Found a blossoming altar of Fedhas.
   385 | D        | Found an opulent altar of Gozag.
   386 | D        | Found a hazy altar of Hepliaklqana.
   387 | D        | Found a viscous altar of Jiyva.
   388 | D        | Found an ancient bone altar of Kikubaaqudgha.
   389 | D        | Found a corrupted altar of Lugonu.
   390 | D        | Found a burning altar of Makhleb.
   391 | D        | Found a sparkling altar of Nemelex Xobeh.
   392 | D        | Found an iron altar of Okawaru.
   393 | D        | Found a stormy altar of Qazlal.
   394 | D        | Found a sacrificial altar of Ru.
   395 | D        | Found a deep blue altar of Sif Muna.
   396 | D        | Found a bloodstained altar of Trog.
   397 | D        | Found a hide-covered altar of Uskayaw.
   398 | D        | Found a radiant altar of Vehumet.
   399 | D        | Found a shimmering altar of Xom.
   400 | D        | Found a basalt altar of Yredelemnul.
   401 | D        | Found a glowing silver altar of Zin.
   402 | D        | Found a glowing golden altar of the Shining One.
   427 | D        | Noticed a phantom
   427 | D        | Noticed a sky beast
   427 | D        | Noticed a phantom
   427 | D        | Noticed an ice beast
   431 | D        | Slain by an ice beast

Skill      XL: |  1  2 |
---------------+-------+-----
Unarmed Combat | 5 6 |  6.6
Dodging        | 5 |  5.6
Fighting       | 4 |  4.2

Action                   || total
-------------------------++-------
Melee: Unarmed           ||    50
       Bite              ||     3
       Punch             ||     1
Armor: Skin              ||     2
Dodge: Dodged            ||    39
